Map: 다크니스 생츄어리 - 래더

Players

Harstem

  • Race: Protoss Protoss
  • League: Master
  • Spawn Location: 5:00

Zest - Winner!

  • Race: Protoss Protoss
  • League: Master
  • Spawn Location: 11:00

Event: HomeStory Cup XVII

VOD

Have the link to the VOD?

Description

Time

  • Played on: June 28, 2018, 9 a.m.
  • Length: 7:54

All games in this series

Show
View Real Time Build Order
Export as new Build Order

Harstem Protoss 

Build Orders: Nexus First 

Get SALT Encoding   

  12  0:01  Probe  
  13  0:13  Probe  
  14  0:18  Pylon  
  14  0:25  Probe  
  15  0:33  Probe  
  15  0:41  Probe  
  17  0:59  Nexus  
  17  1:07  Probe  
  17  1:08  Gateway  
  18  1:15  Probe  
  18  1:21  Assimilator  
  18  1:25  Assimilator, Probe  
  20  1:37  Probe  
  21  1:41  Gateway  
  21  1:49  Probe  
  22  1:55  Cybernetics Core  
  22  2:01  Probe  
  23  2:10  Probe  
  23  2:13  Probe  
  26  2:22  Probe  
  26  2:24  Pylon  
  26  2:25  Probe  
  27  2:33  Stalker x2  
  32  2:38  Probe x2  
  32  2:41  Warp Gate  
  32  2:50  Probe x2, Pylon  
  34  2:59  Stalker  
  34  3:02  Probe  
  34  3:03  Probe, Stalker  
  40  3:24  Probe, Robotics Facility  
  42  3:28  Stalker  
  42  3:33  Shield Battery  
  42  3:34  Pylon  
  43  3:39  Stalker  
  43  3:40  Probe  
  44  3:56  Shield Battery  
  44  4:00  Immortal  
  44  4:04  Gateway  
  44  4:07  Pylon  
  44  4:10  Shield Battery  
  44  4:16  Shield Battery  
  48  4:20  Pylon  
  48  4:26  Immortal  
  42  4:49  Sentry  
  42  4:50  Stalker  
  42  4:55  Immortal  
  42  5:01  Stalker  
  38  5:08  Probe  
  38  5:13  Shield Battery  
  43  5:15  Zealot  
  43  5:18  Sentry  
  43  5:20  Probe x2  
  49  5:34  Immortal  
  50  5:42  Probe  
  55  5:46  Pylon  
  44  5:57  Zealot x2  
  44  6:06  Sentry  
  45  6:20  Adept x2  
  45  6:23  Immortal  
  31  6:35  Adept  
  35  6:41  Adept x2  
  36  6:56  Shield Battery  
  36  6:58  Adept  
  37  7:02  Immortal  
  37  7:05  Adept  
  43  7:19  Adept  
  43  7:26  Sentry  
  39  7:41  Adept  
Show
View Real Time Build Order
Export as new Build Order

Zest Protoss - Winner!

Build Orders:  

Get SALT Encoding   

  12  0:00  Probe  
  13  0:13  Probe  
  14  0:17  Pylon  
  14  0:24  Probe  
  15  0:32  Probe  
  15  0:36  Gateway  
  15  0:40  Probe  
  16  0:46  Assimilator  
  17  0:51  Probe  
  17  0:54  Assimilator  
  18  1:00  Probe  
  19  1:07  Gateway  
  19  1:08  Probe  
  19  1:17  Probe  
  20  1:23  Cybernetics Core  
  21  1:29  Probe  
  22  1:33  Pylon  
  22  1:41  Probe  
  23  1:51  Warp Gate  
  23  1:54  Probe  
  24  2:00  Stalker x2  
  28  2:13  Pylon  
  28  2:30  Stalker  
  28  2:31  Stalker  
  32  2:43  Pylon  
  32  3:01  Robotics Facility  
  32  3:03  Gateway  
  32  3:05  Stalker x2  
  36  3:18  Pylon  
  36  3:38  Immortal  
  38  3:57  Adept x3  
  38  4:01  Pylon  
  44  4:08  Warp Prism  
  44  4:21  Sentry x3  
  52  4:26  Pylon  
  48  4:46  Adept x3  
  50  4:55  Immortal  
  44  5:14  Adept x2  
  44  5:19  Adept  
  50  5:24  Pylon  
  50  5:38  Adept x2  
  48  6:05  Adept x3  
  42  6:37  Adept x3  
  46  6:41  Immortal  
  50  6:58  Stalker x3  
  56  7:22  Adept x3  
  56  7:45  Sentry x2, Zealot  
Tags
 
Add a new tag
Caveats
  • Supply blocks, unpowered buildings, or Contaminate may cause inaccurate times.
  • Supply counts are checked every 10 seconds.